Cogmind - Beta 15 @@@ ROGUE MODE // 2025.06.21 @ 22:40:26 Player: Waste Result: Destroyed by G-67 Veteran with Field Laser Performance ------------- Evolutions (4) 2000 Regions Visited (5) 1000 Robots Destroyed (79) 395 Value Destroyed (3042) 3042 Prototype IDs (39) 780 Alien Tech Used (0) 0 Bonus (1198) 1198 TOTAL SCORE: 8415 Bonus ------- High Alert Combat Kills 288 Follower Combat Kills 110 Registered with UFD 300 Met Optimus in HQ 500 Cogmind --------- Core Integrity 0/850 Matter 174/300 Energy 117/180 System Corruption 21% Temperature Cool (9) Movement Walking (170) Ox1 Location -6/Factory Parts ------- > --- POWER (1) -------- Meta Core > --- PROPULSION (3) --- Experimental Myomer Leg Experimental Myomer Leg > --- UTILITY (9) ------ High-capacity Storage Unit Machine Analyzer Enhanced Optical Array Advanced Signal Interpreter Core Analyzer Microactuators > --- WEAPON (2) ------- Precision Rocket Launcher Companion Sword > --- INVENTORY (20) --- Angular Momentum Engine Light Fission Core Light Antimatter Reactor Flexi-carbon Leg Flexi-carbon Leg Gravmag System Gravity Neutralizer Experimental Sensor Array Backup Plating III Layered Light Armor Plating Centrium Heavy Armor Plating Scrapoid Pod Phase Cannon Precision Rocket Launcher Multitool Vortex Trap Vortex Trap Peak State ------------ > --- POWER ------------ Meta Core > --- PROPULSION ------- Improved Titanium Leg Arachnoskeleton > --- UTILITY ---------- Advanced Heat Sink High-capacity Storage Unit Enhanced Optical Array Targeting Computer Melee Analysis Suite Target Analyzer Centrium Heavy Armor Plating Reflective Plating EM Shield > --- WEAPON ----------- Advanced KE Penetrator Precision Rocket Launcher Companion Sword > --- INVENTORY -------- Angular Momentum Engine Carbon-fiber Leg Flexi-carbon Leg Flexi-carbon Leg Experimental Myomer Leg Experimental Myomer Leg Gravmag System Combat Airjet Gravity Neutralizer Advanced Sensor Array Experimental Sensor Array Scrapoid Pod Phase Cannon Heavy Proton Missile Launcher Precision Rocket Launcher Precision Rocket Launcher Multitool Vortex Trap Vortex Trap [Rating: 112] Favorites ----------- Power Improved Ion Engine Engine Improved Ion Engine Power Core Meta Core Propulsion Light Treads Treads Light Treads Leg Experimental Myomer Leg Utility High-capacity Storage Unit Device Microactuators Storage High-capacity Storage Unit Processor Targeting Computer Protection Light Armor Plating Weapon Companion Sword Energy Gun Subdweller Laser Ballistic Gun Subdweller Machine Gun Ballistic Cannon Slug Cannon Launcher Precision Rocket Launcher Special Weapon Multitool Slashing Weapon Companion Sword Build | -11 -10 -10 -9 -9 -6 ------- Run | Yrd Mat Sub Rec Scr Fac Slots Evolved 8 | . . . . . 8 Power . | . . . . . . Propulsion 1 | . . . . . 1 Utility 7 | . . . . . 7 Weapon . | . . . . . . Parts Attached 62 | 1 1 10 4 3 43 Power 4 | . . 1 1 . 2 Engine 2 | . . 1 1 . . Core 2 | . . . . . 2 Reactor . | . . . . . . Propulsion 12 | . . 2 1 1 8 Treads 4 | . . 2 1 1 . Leg 8 | . . . . . 8 Wheel . | . . . . . . Hover . | . . . . . . Flight . | . . . . . . Utility 31 | . 1 2 1 1 26 Device 13 | . 1 2 . . 10 Storage 1 | . . . . 1 . Processor 10 | . . . . . 10 Hackware . | . . . . . . Protection 7 | . . . 1 . 6 Artifact . | . . . . . . Weapon 15 | 1 . 5 1 1 7 Energy Gun 4 | . . 3 1 . . Energy Cannon . | . . . . . . Ballistic Gun 3 | 1 . 1 . . 1 Ballistic Cannon 1 | . . 1 . . . Launcher 4 | . . . . . 4 Special Weapon 1 | . . . . . 1 Impact Weapon . | . . . . . . Slashing Weapon 2 | . . . . 1 1 Piercing Weapon . | . . . . . . Special Melee Weapon . | . . . . . . Unidentified Prototypes 10 | . . 1 . 1 8 Corrupted Parts 3 | . . . . . 3 System Corruption 13 | . . . . . 13 Parts Lost 27 | . . 5 . . 22 Power 2 | . . 1 . . 1 Propulsion 8 | . . 2 . . 6 Utility 13 | . . . . . 13 Weapon 4 | . . 2 . . 2 Highest Loss Streak 4 | . . 2 . . 4 To Critical Strikes 2 | . . 1 . . 1 Average Backups 9 | 6 6 7 6 7 14 Power . | 1 1 1 . . 1 Propulsion 3 | 4 4 3 3 3 4 Utility 2 | . . 1 1 2 4 Weapon 1 | 1 1 2 . . 3 Tool/Special . | . . . . . . Unused Backups 33 | . 5 6 3 . 19 Power 6 | . 1 1 1 . 3 Propulsion 13 | . 2 2 2 . 7 Utility 5 | . 1 . . . 4 Weapon 8 | . 1 3 . . 4 Tool/Special 1 | . . . . . 1 Average Slot Usage (%) 89 | . 92 95 100 91 78 Engine 10 | . 14 13 14 14 . Core 1 | . . . . . 4 Treads 18 | . . 20 28 27 . Leg 6 | . 28 7 . . 16 Device 5 | . 7 14 1 . 8 Storage 11 | . 14 14 14 14 5 Processor 6 | . . . . . 22 Protection 9 | . . . 12 14 8 Energy Gun 11 | . 14 15 25 12 . Ballistic Cannon 1 | . . 7 . . . Slashing Weapon 4 | . . . . 7 5 Peak Build Rating 112 | 6 7 16 15 19 112 Average Rating 35 | 6 6 12 14 16 87 On Entrance 11 | 6 6 7 15 15 19 Naked Turns . | . . . . . . Heaviest Build 95 | 11 12 22 22 57 95 Greatest Support 108 | 20 20 40 40 40 108 Greatest Overweight (x) 1 | . . . . 1 1 Average Overweight (x) . | . . . . . . Largest Inventory Capacity 20 | 8 8 8 8 20 20 Average Capacity 14 | 8 8 8 8 16 20 Most Carried 20 | 6 7 8 8 16 20 Average Carried 12 | 6 6 7 7 10 18 Final Capacity 20 | 8 8 8 8 20 20 Final Carried 19 | 6 7 7 8 16 19 Class Distribution -------------------- 90% | Mutant 8% | Scavenger-Mutant Dominant Class ---------------- Mutant | -10/Materials Mutant | -10/Subcaves Mutant | -9/Recycling Mutant | -9/Scraptown Mutant | -6/Factory Resources | -11 -10 -10 -9 -9 -6 ----------- Run | Yrd Mat Sub Rec Scr Fac Matter Collected 1297 | 203 28 160 112 30 764 Remotely . | . . . . . . Salvage Created 3591 | . 28 302 165 . 3096 Parts 207 | . 3 25 10 . 169 Haulers Intercepted 3 | . . . . . 3 Recyclers Shooed 5 | . . . 1 . 4 Parts Field Recycled . | . . . . . . Retrieved Matter . | . . . . . . Parts Self-Destructed 30 | . . 30 . . . Prevented . | . . . . . . Kills | -11 -10 -10 -9 -9 -6 ------- Run | Yrd Mat Sub Rec Scr Fac Combat Hostiles Destroyed 52 | . . 10 2 . 40 Melee 24 | . . . . . 24 Guns 10 | . . 8 2 . . Cannons 2 | . . 2 . . . AOE 16 | . . . . . 16 Classes Destroyed 16 | . 1 3 2 . 10 Worker 6 | . . . . . 6 Builder 7 | . . . . . 7 Hauler 3 | . . . . . 3 Recycler 7 | . . . 1 . 6 Mechanic 2 | . . . . . 2 Watcher 2 | . 1 . . . 1 Swarmer 3 | . . 3 . . . Saboteur 1 | . . . . . 1 Grunt 17 | . . 2 . . 15 Protector 1 | . . . . . 1 Sentry 4 | . . . 2 . 2 Specialist 4 | . . . . . 4 Hunter 11 | . . . . . 11 Programmer 5 | . . . . . 5 Behemoth 1 | . . . . . 1 Subdweller 5 | . . 5 . . . Best Kill Streak 16 | . 1 3 2 . 16 Combat Bots Only 10 | . . 3 2 . 10 Max Kills in Single Turn 5 | . 1 1 1 . 5 Gunslinging . | . . . . . . Exploded 4 | . . . . . 4 Melee 2 | . . . . . 2 Uniques/NPCs Destroyed . | . . . . . . Combat | -11 -10 -10 -9 -9 -6 -------- Run | Yrd Mat Sub Rec Scr Fac Hostile Shots Fired 687 | . . 84 24 . 579 Missed 204 | . . 24 6 . 174 Hits 483 | . . 60 18 . 405 Projectile 483 | . . 60 18 . 405 AOE 1 | . . 1 . . . Critical Strikes 17 | . . 3 1 . 13 Damage Taken 7143 | . . 898 256 . 5989 Core 1082 | . . 182 43 . 857 Absorbed by Shields 8 | . . . . . 8 Ignored by Resistances 152 | . . . . . 152 Core Remaining (%) 55 | 100 . . . 10 . Volleys Fired 88 | . 5 51 17 . 15 Largest 2 | . 2 2 2 . 2 Hottest 116 | . 60 100 116 . 86 Shots Fired 147 | . 10 85 32 . 20 Gun 120 | . 10 78 32 . . Cannon 7 | . . 7 . . . Launcher 20 | . . . . . 20 Special . | . . . . . . Kinetic 32 | . 5 15 12 . . Thermal 90 | . 5 65 20 . . Explosive 17 | . . . . . 17 Electromagnetic 8 | . . 5 . . 3 Robot Hit Streak 42 | . 3 27 42 . 10 Robot Miss Streak 3 | . 2 2 2 . 3 Penetration Max . | . . . . . . Secondary Targets 2 | . . 2 . . . Max Gunslinging Chain 1 | . . 1 . . . Shots Hit Robots 228 | . 5 60 25 . 138 Core Hits 125 | . 1 17 5 . 102 Critical Kills . | . . . . . . Critical Parts Destroyed . | . . . . . . Critical Strikes 2 | . . 1 1 . . Burn 1 | . . . 1 . . Corrupt 1 | . . 1 . . . Melee Attacks 174 | . . . . . 174 Impact . | . . . . . . Slashing 174 | . . . . . 174 Piercing . | . . . . . . Sneak Attacks 20 | . . . . . 20 Combat Hostiles 1 | . . . . . 1 Follow-up Attacks 4 | . . . . . 4 Damage Inflicted 11441 | . 58 956 510 . 9917 Guns 1439 | . 58 885 496 . . Cannons 71 | . . 71 . . . Explosions 3898 | . . . . . 3898 Melee 6019 | . . . . . 6019 Ramming 14 | . . . 14 . . Kinetic 402 | . 24 163 215 . . Thermal 1235 | . 34 740 281 . 180 Explosive 2961 | . . . . . 2961 Electromagnetic 810 | . . 53 . . 757 Impact . | . . . . . . Slashing 6019 | . . . . . 6019 Piercing . | . . . . . . Highest Corruption 21 | . . . . . 21 Average Corruption 14 | . . . . . 14 Corruption Purged . | . . . . . . Corruption Blocked . | . . . . . . Effects 68 | . . . . . 68 Message Errors 14 | . . . . . 14 Matter Fused 20 | . . . . . 20 Heat Flow Errors 8 | . . . . . 8 Energy Discharges 8 | . . . . . 8 Parts Rejected 1 | . . . . . 1 Parts Fused 2 | . . . . . 2 Data Loss (minor) 9 | . . . . . 9 Data Loss (major) 3 | . . . . . 3 Misfires 1 | . . . . . 1 Alerts 2 | . . . . . 2 Overload Shots . | . . . . . . Overflow Damage 753 | . . 9 . . 744 Projectiles 9 | . . 9 . . . Explosions 79 | . . . . . 79 Melee 665 | . . . . . 665 Knockbacks 1 | . . 1 . . . Impact . | . . . . . . Kinetic 1 | . . 1 . . . Secondary . | . . . . . . Self-Inflicted Damage 105 | . . . . . 105 Shots 5 | . . . . . 5 Rammed 2 | . . . 2 . . Targets Rammed 2 | . . . 2 . . Kicked . | . . . . . . Crushed . | . . . . . . Highest Temperature 393 | . . 26 393 . 321 Average Temperature 142 | . . 12 158 . 134 Received Heat Transfer 1593 | . . 261 99 . 1233 Effects 1 | . . . 1 . . Matter Decay 1 | . . . 1 . . Siege Activations . | . . . . . . Martial Activations . | . . . . . . Shielding Activations . | . . . . . . Robots Disrupted 1 | . . . . . 1 Combat Hostiles 1 | . . . . . 1 Robots Corrupted . | . . . . . . Combat Hostiles . | . . . . . . Parts Fried 5 | . . . . . 5 Impact Corruptions . | . . . . . . Robots Melted . | . . . . . . Combat Hostiles . | . . . . . . Parts Melted 1 | . . 1 . . . Heat Transferred 1823 | . 75 1125 473 . 150 Parts Sabotaged . | . . . . . . Parts Stolen . | . . . . . . Parts Stripped . | . . . . . . Power Chain Reactions . | . . . . . . Alert | -11 -10 -10 -9 -9 -6 ------- Run | Yrd Mat Sub Rec Scr Fac Maximum Alert Level 3 | . . . . . 3 Low Security (%) 59 | 100 100 . 100 . 38 Level 1 1 | . . . . . 2 Level 2 33 | . . . . . 49 Level 3 5 | . . . . . 9 Level 4 . | . . . . . . Level 5 . | . . . . . . High Security . | . . . . . . Max Security . | . . . . . . Peak Influence 736 | . 7 . 55 . 736 Initial 15 | . . . 15 . . Average 253 | . . . 5 . 380 Influence Increases 1943 | . 7 261 151 . 1524 Destroy 0b10 Robot/C 980 | . . 140 40 . 800 Destroy 0b10 Robot/NC 140 | . 5 . 5 . 130 Destroy Leader 220 | . 2 10 . . 208 Allied During Kill 19 | . . 6 . . 13 Successful Hack 82 | . . . 30 . 52 Select Force Hacks 60 | . . . 60 . . Disable Machine 120 | . . . 15 . 105 Destroy Structure 112 | . . . 1 . 111 Partial Spotted 15 | . . . . . 15 Lose Combat Pursuer 195 | . . 105 . . 90 Influence Decreases 1237 | . 7 228 184 . 818 Entered New Map 18 | . . . 18 . . Time Decay 880 | . 7 194 166 . 513 Lost Part 219 | . . 34 . . 185 Lost Ally 120 | . . . . . 120 Squads Dispatched 19 | . 1 . . . 18 Investigation 4 | . . . . . 4 Extermination 5 | . . . . . 5 Reinforcement 8 | . 1 . . . 7 Assault 1 | . . . . . 1 Garrison 1 | . . . . . 1 Intercept . | . . . . . . Searches Triggered . | . . . . . . Construction Impeded 2 | . . . . . 2 Haulers Reinforced 2 | . . . . . 2 Active Scanning Responses . | . . . . . . Cargo Convoy Interrupts 1 | . . . . . 1 Stealth | -11 -10 -10 -9 -9 -6 --------- Run | Yrd Mat Sub Rec Scr Fac Distress Signals 3 | . . . . . 3 Communications Jammed . | . . . . . . Distress Signals . | . . . . . . Times Spotted 93 | . 2 21 2 . 68 Peak Tracking Total 12 | . 2 4 2 . 12 Tactical Retreats 7 | . . 3 . . 4 Traps | -11 -10 -10 -9 -9 -6 ------- Run | Yrd Mat Sub Rec Scr Fac Traps Triggered 2 | . . . . . 2 Indirectly . | . . . . . . Trap Hack Attempts . | . . . . . . Triggered . | . . . . . . Disarmed . | . . . . . . Reprogrammed . | . . . . . . Reused . | . . . . . . Traps Extracted . | . . . . . . Installed . | . . . . . . Triggered . | . . . . . . Most Traps Carried 2 | . . . . 2 2 Machines | -11 -10 -10 -9 -9 -6 ---------- Run | Yrd Mat Sub Rec Scr Fac Machines Disabled 10 | . . 2 1 . 7 Max in Single Turn 2 | . . 1 1 . 2 Machines Repaired . | . . . . . . Machines Dismantled . | . . . . . . Machines Sabotaged . | . . . . . . Overloaded Fab Kills . | . . . . . . Hacking | -11 -10 -10 -9 -9 -6 --------- Run | Yrd Mat Sub Rec Scr Fac Machines Accessed 26 | . 1 2 9 5 9 Terminals 12 | . 1 . 6 . 5 Fabricators 1 | . . . . . 1 Repair Stations . | . . . . . . Recycling Units 6 | . . . 3 . 3 Scanalyzers . | . . . . . . Garrison Access . | . . . . . . Total Hacks 68 | . 4 4 24 16 20 Successful 46 | . 1 4 16 16 9 Failed 22 | . 3 . 8 . 11 Catastrophic 3 | . . . . . 3 Database Lockouts . | . . . . . . Manual 38 | . 4 . 15 . 19 Terminals 34 | . 4 . 20 . 10 Fabricators 4 | . . . . . 4 Repair Stations . | . . . . . . Recycling Units 10 | . . . 4 . 6 Scanalyzers . | . . . . . . Garrison Access . | . . . . . . Terminal Hacks 28 | . 1 4 7 16 . Record 8 | . . 3 . 5 . Robot Analysis 11 | . 1 . 1 9 . Prototype ID Bank 3 | . . . 3 . . Open Door 1 | . . . . 1 . Terminal Index 1 | . . . 1 . . Hauler Manifests 1 | . . . 1 . . Zone Layout 1 | . . . 1 . . Proto ID Catalog 2 | . . 1 . 1 . Fabricator Hacks 1 | . . . . . 1 Network Status 1 | . . . . . 1 Repair Station Hacks . | . . . . . . Recycling Unit Hacks 1 | . . . 1 . . Retrieve Components 1 | . . . 1 . . Scanalyzer . | . . . . . . Garrison Access Hacks . | . . . . . . Unauthorized Hacks 16 | . . . 8 . 8 Terminals 10 | . . . 6 . 4 Botnet 4 | . . . 2 . 2 Skim 6 | . . . 4 . 2 Fabricators 1 | . . . . . 1 Haulers 1 | . . . . . 1 Repair Stations . | . . . . . . Recycling Units 5 | . . . 2 . 3 Tunnel 2 | . . . 2 . . Fedlink 2 | . . . . . 2 Scrapoids 1 | . . . . . 1 Scanalyzers . | . . . . . . Garrison Access . | . . . . . . Data Cores Recovered . | . . . . . . Used . | . . . . . . Hacking Detections 12 | . 1 . 6 . 5 Full Trace Events 3 | . . . 2 . 1 Feedback Events . | . . . . . . Feedback Blocked . | . . . . . . Robot Schematics Acquired . | . . . . . . Robots Built . | . . . . . . Authchips . | . . . . . . Time . | . . . . . . Total Robot Build Rating . | . . . . . . Part Schematics Acquired . | . . . . . . Parts Built . | . . . . . . Authchips . | . . . . . . Time . | . . . . . . Total Part Build Rating . | . . . . . . Parts Repaired . | . . . . . . Time . | . . . . . . Parts Recycled . | . . . . . . Recycled Matter . | . . . . . . Retrieved Matter . | . . . . . . Retrieved Components 8 | . . . 8 . . Parts Scanalyzed . | . . . . . . Part Schematics Acquired . | . . . . . . Parts Damaged . | . . . . . . Bothacking | -11 -10 -10 -9 -9 -6 ------------ Run | Yrd Mat Sub Rec Scr Fac Used RIF Installer . | . . . . . . Robots Hacked . | . . . . . . Non-combat . | . . . . . . Combat . | . . . . . . Robot Hacks Applied . | . . . . . . Relay Couplers Released . | . . . . . . Fabnet Peak Effective % . | . . . . . . Robots Rewired 1 | . . . . . 1 Allies Hacked . | . . . . . . Hacks Repelled . | . . . . . . Allies | -11 -10 -10 -9 -9 -6 -------- Run | Yrd Mat Sub Rec Scr Fac Total Allies 10 | . . 4 . . 6 Largest Group 4 | . . 4 3 . 4 Highest-Rated Group 112 | . . 78 59 . 112 Highest-Rated Ally 29 | . . 21 21 . 29 Total Orders . | . . . . . . Ally Attacks 79 | . . 35 3 . 41 Total Damage 1246 | . . 556 60 . 630 Kills 6 | . . 5 . . 1 Allies Corrupted . | . . . . . . Allies Melted . | . . . . . . Intel | -11 -10 -10 -9 -9 -6 ------- Run | Yrd Mat Sub Rec Scr Fac Active Infowar (turns) 2256 | . . . . . 2256 Optics 2224 | . . . . . 2224 Sensors 9 | . . . . . 9 Structural 32 | . . . . . 32 Machine Analysis 709 | . . . . . 709 Robot Analysis Total 11 | . 1 . 1 9 . Derelict Logs Recovered 2 | . . 1 . 1 . Drone Launches . | . . . . . . Drone Recoveries . | . . . . . . Exploration | -11 -10 -10 -9 -9 -6 ------------- Run | Yrd Mat Sub Rec Scr Fac Turns Passed 9001 | 2 107 1507 1158 3750 2477 Spaces Moved 4616 | 1 71 857 679 1793 1215 Core . | . . . . . . Treads 3123 | . . 651 679 1793 . Legs 1493 | 1 71 206 . . 1215 Wheels . | . . . . . . Hover . | . . . . . . Flight . | . . . . . . Fastest Speed 90 | 120 120 120 160 160 90 Average Speed 173 | 120 120 150 160 208 147 Slowest Speed 240 | 120 120 160 160 240 190 Overloaded Moves . | . . . . . . Propulsion Burnouts . | . . . . . . Robots Hopped . | . . . . . . Potential Cave-ins 3 | . . . . . 3 Cave-ins Triggered . | . . . . . . Exploration Rate (%) 46 | 2 15 42 89 91 38 Regions Visited 5 Branch Regions 3 Pre-discovered Areas 4 | . . . 2 1 1 Known Exits Taken . | . . . . . . Unknown Exits Taken 5 | 1 1 1 1 1 . Scrap Searched 8 | . . 3 . 5 . Spaces Dug 13 | . . . . . 13 Terrain Destroyed 117 | . . . . . 117 Melee 13 | . . . . . 13 Projectile . | . . . . . . AOE 104 | . . . . . 104 Terrain Rammed . | . . . . . . Walls Destroyed . | . . . . . . Machines Disabled . | . . . . . . Actions | -11 -10 -10 -9 -9 -6 --------- Run | Yrd Mat Sub Rec Scr Fac Total 5270 | 1 82 991 717 1811 1668 Wait 229 | . 5 62 11 . 151 Move 4611 | . 70 856 678 1792 1215 Hop . | . . . . . . Pick Up 47 | . 1 8 1 9 28 Fast Attach 28 | . 1 1 . 2 24 Attach 22 | . . 5 . 2 15 Detach 5 | . . . . . 5 Swap 19 | 1 . 4 4 1 9 Drop 34 | . . 4 4 5 21 Fire 88 | . 5 51 17 . 15 Melee 167 | . . . . . 167 Ram . | . . . . . . Kick . | . . . . . . Crush 2 | . . . 2 . . Escape Stasis 10 | . . . . . 10 Rewire 5 | . . . . . 5 Trap . | . . . . . . Miscellaneous 3 | . . . . . 3 Route ------- -11/Scrapyard -10/Materials -10/Subcaves (discovered 3 exits: [*Mat x2] / *Rec) -9/Recycling (discovered 2 exits: [*Fac] / *Scr) -9/Scraptown (discovered 2 exits: *Fac x2) -6/Factory (discovered 2 exits: [*Fac x2]) History --------- Turn | Location | Event 3 | -11/Scrapyard | Discovered new exit (range 0) 3 | -11/Scrapyard | Entered Materials 100 | -10/Materials | Discovered new exit (range 8) 110 | -10/Materials | Entered Subcaves 310 | -10/Subcaves | Build established: Mutant 384 | -10/Subcaves | Visited Clippyterm 387 | -10/Subcaves | Learned Factory fabricator intel 732 | -10/Subcaves | A swath of the cavern ceiling suddenly collapsed 747 | -10/Subcaves | Core integrity fell below 50% 908 | -10/Subcaves | Visited triangular shrine 918 | -10/Subcaves | Found Prototype Device 918 | -10/Subcaves | Identified V3-11A's Pendant 923 | -10/Subcaves | Befriended Subdweller 994 | -10/Subcaves | Shifting Twisted Machinery released Sub. Monowheel 997 | -10/Subcaves | Shifting Twisted Machinery released Sub. Power Source 1004 | -10/Subcaves | Shifting Twisted Machinery released Battle Rifle 1064 | -10/Subcaves | A swath of the cavern ceiling suddenly collapsed 1131 | -10/Subcaves | A Subdweller sparked back to life 1131 | -10/Subcaves | A Subdweller sparked back to life 1131 | -10/Subcaves | A Subdweller sparked back to life 1133 | -10/Subcaves | Befriended Subdweller 1133 | -10/Subcaves | Befriended Subdweller 1133 | -10/Subcaves | Befriended Subdweller 1133 | -10/Subcaves | Discovered new exit (range 10) 1276 | -10/Subcaves | Visited 4L-MR0's lab 1297 | -10/Subcaves | Found Meta Core 1424 | -10/Subcaves | Discovered new exit (range 5) 1483 | -10/Subcaves | Discovered new exit (range 14) 1617 | -10/Subcaves | Entered Recycling 1617 | -9/Recycling | Accompanied by 3 allies 1692 | -9/Recycling | Core integrity fell below 20% 1717 | -9/Recycling | Lost 3 allies 1815 | -9/Recycling | Found Arachnoskeleton 2602 | -9/Recycling | Discovered new exit (range 8) 2737 | -9/Recycling | Scanned before Scraplab entrance 2759 | -9/Recycling | Entered Scraplab 2772 | -9/Recycling | Discovered new exit (range 3) 2775 | -9/Recycling | Entered Scraptown 2798 | -9/Scraptown | Heard Great Nut preacher, LISTEN AND RECITE! 2984 | -9/Scraptown | Visited UFD Registry 2984 | -9/Scraptown | Registered with UFD as "Duallever" 3012 | -9/Scraptown | Visited Comm Corps 3085 | -9/Scraptown | Visited Fellowship of the Rings 3170 | -9/Scraptown | Delivered V3-11A's Pendant to T0-NE2 in exchange for information 3324 | -9/Scraptown | Discovered new exit (range 11) 3354 | -9/Scraptown | Scanned Subdweller tech in exchange for log data 3359 | -9/Scraptown | Learned location of 2 exits from Lower Caves 3503 | -9/Scraptown | Visited TADAMA 3516 | -9/Scraptown | Visited CPS Storage 3541 | -9/Scraptown | Visited Cyclists 3552 | -9/Scraptown | Entered Cyclist Reading Room 3663 | -9/Scraptown | Visited The Evicted 3696 | -9/Scraptown | Visited Supply Room 3799 | -9/Scraptown | Visited Junk Repository 3840 | -9/Scraptown | Visited Junk Cannon Lab 3869 | -9/Scraptown | Visited DA-N13 Charitable Foundation 3876 | -9/Scraptown | Found DCF Scrap (31 items) 4181 | -9/Scraptown | Visited Science Guys 4258 | -9/Scraptown | Visited Scrapoid Pod Storage 4306 | -9/Scraptown | Visited Analyses Database 4347 | -9/Scraptown | Visited Curators Association 4423 | -9/Scraptown | Visited Infowarlord's Domain 4435 | -9/Scraptown | Found Exp. Sensor Array 4484 | -9/Scraptown | Visited Sword Containment 4573 | -9/Scraptown | Visited Scrap Suit Storage 5404 | -9/Scraptown | Found Scrapoid Pod 6391 | -9/Scraptown | Met Optimus 6391 | -9/Scraptown | Accepted into 0bPrime 6521 | -9/Scraptown | Discovered new exit (range 3) 6525 | -9/Scraptown | Entered Factory 6525 | -6/Factory | Evolved 8 slots: Propulsion x1, Utility x7 6526 | -6/Factory | Loaded intel: 6 fabricator locations 6528 | -6/Factory | Attached Arachnoskeleton, gained temporary slots: Propulsion x3 6943 | -6/Factory | Discovered new exit (range 17) 6961 | -6/Factory | Build established: Scavenger-Mutant 7045 | -6/Factory | Lost 3 parts (3u) 7225 | -6/Factory | Attached Meta Core, gained temporary slots: Propulsion, Utility, Weapon 7253 | -6/Factory | Lost 4 parts (3n1u) 7362 | -6/Factory | Found Prototype Processor 7362 | -6/Factory | Identified Exp. Targeting Computer 7457 | -6/Factory | Loaded intel: 8 recycling unit locations 7476 | -6/Factory | Cargo convoy interrupted 7512 | -6/Factory | Destroyed 10 combat bots 7553 | -6/Factory | Found Prototype Protection 7553 | -6/Factory | Identified Centrium Heavy Armor Plating 7608 | -6/Factory | System corruption reached 10% 7612 | -6/Factory | Found Centrium Heavy Armor Plating 7819 | -6/Factory | Build established: Mutant 7957 | -6/Factory | Scrapoid reinforcements arrived 8003 | -6/Factory | Core integrity fell below 50% 8012 | -6/Factory | Lost 5 allies 8060 | -6/Factory | Spotted B-75 Beast 8183 | -6/Factory | Destroyed B-75 Beast 8304 | -6/Factory | Learned location of Protoforge (-2) 8975 | -6/Factory | First assault squad dispatched 8983 | -6/Factory | Discovered new exit (range 18) 8985 | -6/Factory | Garrison activated, responded to threat 8986 | -6/Factory | Core integrity fell below 20% 9002 | -6/Factory | Destroyed by G-67 Veteran with Field Laser Last Messages --------------- 08983_ Destroyed Imp. Hover Unit. 08983_ EXIT=FOUND 08985_ W-25 Informer destroyed. 08985_ >> Machine Analyzer network decryption results: 08985_ Garrison Access x2 08985_ G-50 Soldier calls for garrison reinforcements. 08985_ ALERT: Activating Garrison Access F002. 08989_ Carbon-fiber Leg destroyed. 08995_ Centrium Heavy Armor Plating destroyed. 08995_ Penetrated by Slug. 08995_ Slug penetrates Fusion Modulator. 08995_ Penetrated by Slug. 09000_ Critical hit (Burn: +37). 09001_ Fusion Modulator explodes. 09001_ B-48 Gladiator destroyed. 09001_ Fusion Modulator explodes. 09001_ H-66 Slayer destroyed. 09001_ Imp. Light Armor Plating destroyed. 09001_ Penetrated by Slug. 09002_ System corrupted: Energy discharge (-63). Map ----- +----------------------------------------------------+ | """ #?#*""" # ####????????????????????? | | """ #?#!=%= """ + #????????????????????? | | """" #?#%]=[ """ # #????????????????????? | | """ #?#=* """ # #### ????????????????? | | #?#* + ! ??????????????? | | #?#####+##### #???????????????? | | ############ """ % =! #???????????????? | | ?????# """ R =! #???????????????? | | ?????# """ #???"""?????????? | | ???###+##+###+## #???"""?????????? | | ???# # #???"""?????????? | | ???# # #### #?#?????????????? | | ##?# # #??? #?????????????? | | ### """""" + #???? #?????????????? | | + """""" # ##??? #?????????????? | | #### """""" # ;#?? #?????????????? | | ???# """""" # #;;;;;;;;;### #???? " ??????? | | ???#########+### ; ##"" "" ????? | | ############ #?# ;* #" G ????? | | ^ #?# ; h % " "" ???? | | ### ^ [[* "ss #?? | | !!! = gm #?? | | ^ !!! ; = g #?? | | !! ; g ] ?? | | = ### ; ######?? | | ! #?# #### % @ % #??????? | | ! #?# #??#;;;;;;;;; H###??????? | | ##########?# #??###;; ;# # #### #???? | | ???????????# #????## ### #??? #???? | | ???????????# #?????# " #???? #???? | | ???????????# #?????# #####???? < #???? | | ???????????######?????#####????????? #???? | | ???????????????????????????????????? ?????? | | ????????????????????????????????????? ?????? | | ??????????????????????????????????????####???????? | | | | | | | | | | | | | | | | | | | | | | | | | | | | | | | +----------------------------------------------------+ Best States ------------- Heat Dissipation 56 Coolant Potential 50 Energy Generation 18 Energy Capacity 265 Matter Stores 300 Matter Capacity 300 Sight Range 22 Robot Scan Range 16 Terrain Scan Density 10 Additional Mass Support 12 Armor Coverage 750 Resistance: KI 20 Resistance: TH 10 Resistance: EM 25 Melee Speed Boost 20 Phase Shifting 5 Evasion (%) 60 Targeting Accuracy 10 Melee Accuracy 5 Target Analysis 5 Core Analysis 6 Recoil Reduction 2 Item Schematics ----------------- None Robot Schematics ------------------ None Fabricated ------------ Nothing Repaired ---------- Nothing Alien Tech Used ----------------- None Achievements -------------- None Challenges ------------ None Game ------ Seed PhasingAmuletWings Manual? 0 Play Time 00:42:14 Cumulative 382.5 hours Start 2025.06.21 @ 21:59:20 End 2025.06.21 @ 22:40:26 Sessions 1 Manual Loads 0 Difficulty Rogue Special Mode None Game No. 474 Rogue 474 Adventurer 0 Explorer 0 Win Type - Total 30 Types 14/1/9/1/1/1/0/1/1/1 Lore% 86 Gallery% 78 Achievement% 77 Wizard Run 0 Options --------- Layout 0 ASCII 0 Keyboard 0 Movement Numpad Keybinds 0 Fullscreen 1 Font 18/SmallcapsGlow Map View 76x50 Zoom Use 0% Tactical HUD 1 Map Filters NONE Filters NONE Steam 1 RUN: eb98c817-65d2-4991-9105-5b207a58d8ff